 Dungeon Crawl Stone Soup version 0.28.0-1-gb440e238dd (webtiles) character file.

Game seed: 3094400613864516770

23 croobank the Skirmisher (level 2, 0/24 HPs)
             Began as a Demonspawn Abyssal Knight on Feb 21, 2022.
             Was a Believer of Lugonu.
             Slain by a jackal (1 damage)
             ... on level 1 of the Dungeon.
             The game lasted 00:02:56 (1071 turns).

croobank the Skirmisher (Demonspawn Abyssal Knight) Turns: 1071, Time: 00:02:57

Health: 0/24       AC: 11    Str: 13    XL:     2   Next: 75%
Magic:  4/4        EV:  3    Int: 11    God:    Lugonu [**....]
Gold:   57         SH:  0    Dex: 13    Spells: 1/1 levels left

rFire   . . .      SeeInvis .   a - +1 hand axe
rCold   . . .      Faith    .   (no shield)
rNeg    . . .      Spirit   .   e - +0 plate armour
rPois   .          Reflect  .   (no helmet)
rElec   .          Harm     .   (no cloak)
rCorr   .          Rampage  .   (no gloves)
Will    .....                   (no boots)
Stlth   ..........              (no amulet)
HPRegen 0.08/turn               (no ring)
MPRegen 0.09/turn               (no ring)

@: no status effects
A: sharp scales 1
a: Renounce Religion, Depart the Abyss, Bend Space


You were on level 1 of the Dungeon.
You worshipped Lugonu.
Lugonu was pleased with you.
You visited 1 branch of the dungeon, and saw 2 of its levels.
You visited the Abyss 1 time.

You collected 57 gold pieces.

Inventory:

Hand Weapons
 a - a +1 hand axe (weapon)
 g - a +0 hunting sling
Missiles
 c - 25 arrows
 h - 19 stones
Armour
 b - a +0 leather armour
 e - a +0 plate armour (worn)
Scrolls
 d - a scroll of identify
Potions
 f - a potion of resistance


   Skills:
 + Level 3.2 Fighting
 + Level 2.1 Axes
 + Level 2.1 Armour
 + Level 1.3 Dodging
 + Level 2.9 Invocations


You had one spell level left.
You didn't know any spells.
Your spell library was empty.

Dungeon Overview and Level Annotations

Branches:
Dungeon (2/15)

Altars:

Annotations:
D:2 Robin


Innate Abilities, Weirdness & Mutations

You are partially covered in razor-sharp scales. (AC +1, Slay +1)


Message History

You closely miss the goblin. x2; The goblin hits you but does no damage.
The goblin hits you with a +0 club.
* * * LOW HITPOINT WARNING * * *
You barely miss the goblin. You punch the goblin.
The goblin is moderately wounded.
You hit the goblin. The goblin hits you but does no damage.
The goblin hits you with a +0 club.
* * * LOW HITPOINT WARNING * * *
You barely miss the goblin.
The goblin is severely wounded.
You closely miss the goblin.
The goblin hits you but does no damage. x2
Okay, then.
You hit the goblin.
The goblin is severely wounded.
You hit the goblin.
You kill the goblin!
Lugonu accepts your kill.
You can now bend space around yourself.
The goblin hits you with a +0 club.
* * * LOW HITPOINT WARNING * * *
The goblin hits you but does no damage.
You barely miss the goblin.
The goblin is severely wounded.
You hit the goblin.
You kill the goblin!
Lugonu accepts your kill. The goblin hits you but does no damage.
The jackal bites you.
* * * LOW HITPOINT WARNING * * *
The goblin hits you but does no damage.
You hit the jackal.
The jackal is almost dead.
You hit the goblin.
You kill the goblin!
Lugonu accepts your kill.
The jackal bites you but does no damage.
The jackal barely misses you.
You don't have enough health at the moment.
You closely miss the jackal.
The jackal is almost dead.
You closely miss the goblin. The jackal bites you.
You die...

..# #####.###.......###.####
#.########...........##.## ##....
........##.###.......#...###.####
#.#####.##.###.###.#......#.## #.
#.# #.##.........#.#...#.## #.
#.### #.##..##.#####.##.#### #.
#...# #.##.....# #.##.# #. ###.#
#.###.##.#####.##.# #. # #.# #.#
#.##gh@g...##+## #. ###.###.#
#.##########...## ## ........#
#..## ##.....## # ###.#####
##..## ##.......## ##
.##.########...####........>####.
.....)............+.........'....
.##.########...####.........####.
###.# #..## ##.......## ## # #.#
##.## ##.....## #


You could see a jackal and 2 goblins.

Vanquished Creatures
  2 endoplasms (D:1)
  9 goblins (D:1)
  3 hobgoblins (D:1)
  A jackal (D:1)
  A kobold (D:1)
  A ball python (D:1)
  A bat (D:1)
  A rat (D:1)
19 creatures vanquished.

Notes
Turn   | Place    | Note
-------+----------+-------------------------------------------
     0 | Abyss:1  | croobank the Demonspawn Abyssal Knight began the quest for
                  | the Orb.
     0 | Abyss:1  | Reached XP level 1. HP: 18/18 MP: 2/2
    21 | D:1      | Escaped the Abyss
   147 | D:1      | Reached skill level 1 in Dodging
   738 | D:1      | Gained mutation: You are partially covered in razor-sharp
                  | scales. (AC +1, Slay +1) [demonic ancestry]
   738 | D:1      | Reached XP level 2. HP: 23/24 MP: 4/4
  1041 | D:2      | Noticed Robin
  1068 | D:1      | Reached ** piety under Lugonu
  1069 | D:1      | HP: 1/24 [jackal (1)]
  1071 | D:1      | Slain by a jackal

Illustrated notes

Levels and vault maps discovered:
D:1:      shiori_arrival_oz, layout_loops_corners
D:2:      layout_rooms, uniq_robin, uniq_terence

Skill      XL: |  1  2 |
---------------+-------+-----
Dodging        | 1 |  1.3
Armour         | 2 |  2.1
Axes           | 2 |  2.1
Fighting       | |  3.2
Invocations    | |  2.9

Action                   || total
-------------------------++-------
Melee: Hand axe          ||    35
       Punch             ||     1
  Use: Scroll            ||     1
Armor: Plate armour      ||    43
Dodge: Dodged            ||    10
